 Dungeon Crawl Stone Soup version 0.31-a0-1522-g43313d8a59 (webtiles) character file.

Game seed: 5574701923511638522

569 wildpjah the Ducker (level 7, 0/50 (52) HPs)
             Began as a Merfolk Gladiator on Dec 31, 2023.
             Slain by an orc wizard
             ... wielding a +3 dagger of draining
              (2 damage)
             ... on level 5 of the Dungeon.
             The game lasted 00:03:54 (3534 turns).

wildpjah the Ducker (Merfolk Gladiator)             Turns: 3534, Time: 00:03:54

HP:   0/50 (52)     AC: -10   Str: 14    XL:     7   Next: 33%
MP:   7/7           EV: 14    Int:  7    God:
Gold: 251           SH:  0    Dex: 18    Spells: 6/6 levels left

rFire   . . .        g - +1 dagger (venom)
rCold   . . .        (no shield)
rNeg    . . .        b - +0 leather armour
rPois   .            v - +2 hat
rElec   .            (no cloak)
rCorr   .            (no gloves)
SInv    .            (no boots)
Will    .....        (no amulet)
Stlth   ++           (no ring)
HPRegen 0.28/turn    (no ring)
MPRegen 0.10/turn

%: no passive effects
@: corroded, lightly drained
A: (nimble swimmer 2), mertail
a: no special abilities


You were on level 5 of the Dungeon.
You visited 1 branch of the dungeon, and saw 5 of its levels.

You collected 251 gold pieces.

Inventory:

Hand Weapons
 a - a +0 long sword
 g - a +1 dagger of venom (weapon)
Missiles
 d - 2 throwing nets (quivered)
 e - 3 javelins
Armour
 b - a +0 leather armour (worn)
 c - a +0 helmet
 v - a +2 hat (worn)
Jewellery
 u - an amulet of the acrobat
Scrolls
 f - 5 scrolls of identify {unknown}
 h - 2 scrolls of enchant weapon {unknown}
 i - a scroll of amnesia {unknown}
 j - 3 scrolls of teleportation {unknown}
 k - 4 scrolls of noise {unknown}
 n - a scroll of revelation {unknown}
 r - a scroll of poison {unknown}
 s - a scroll of torment {unknown}
 t - 2 scrolls of blinking {unknown}
Potions
 l - a potion of enlightenment {unknown}
 m - a potion of magic {unknown}
 o - 2 potions of heal wounds {unknown}
 p - 2 potions of curing {unknown}
 q - 2 potions of mutation {unknown}
 w - a potion of invisibility {unknown}
 x - 2 potions of lignification {unknown}


   Skills:
 + Level 3.2 Fighting
 + Level 5.0(5.6) Short Blades
 + Level 4.1(5.2) Long Blades
 + Level 2.1 Throwing
 + Level 2.2 Armour
 + Level 5.6 Dodging
 + Level 3.6 Stealth


You had 6 spell levels left.
You didn't know any spells.
Your spell library contained the following spells:

 Spells                   Type           Power      Damage    Failure   Level
 Slow                     Hex            0%         N/A       50%         1
 Confusing Touch          Hex            0%         N/A       86%         3
 Inner Flame              Hex/Fire       0%         N/A       86%         3
 Sigil of Binding         Hex            0%         N/A       86%         3
 Vampiric Draining        Necr           0%         2d6       86%         3
 Flame Wave               Conj/Fire      0%         2d4       99%         4
 Olgreb's Toxic Radiance  Alch           0%         N/A       99%         4
 Sticky Flame             Fire/Alch      0%         2d4       99%         4
 Sculpt Simulacrum        Ice/Alch       0%         N/A       100%        6
 Ozocubu's Refrigeration  Ice            0%         4d7       100%        7
 Discord                  Hex            0%         N/A       100%        8
 Polar Vortex             Ice            0%         N/A       100%        9


Dungeon Overview and Level Annotations

Branches:
Dungeon (5/15)
 Temple: D:4-7

Altars:

Shops:
D:4 (


Innate Abilities, Weirdness & Mutations

((You are very nimble when in or above water. (Stealth+, EV+, Speed+++)))
Your lower body shifts to a powerful aquatic tail in water.


Message History

The orc wizard flickers and vanishes!
Deactivating autopickup; reactivate with Ctrl-A.
You hit the orc priest.
The orc priest looks as sick as possible!
The orc priest is severely wounded.
You closely miss the orc priest.
The orc priest is almost dead.
The orc priest misses you.
You barely miss the orc priest.
The orc priest is almost dead.
You kill the orc priest!
Your Stealth skill increases to level 3!
You hit the jelly.
Your hands burn!
The jelly is moderately wounded.
The jelly misses you.
You hit the jelly.
Your hands burn!
The jelly is moderately wounded.
You hit the jelly. The acid corrodes you!
Your hands burn!
The jelly is heavily wounded.
The jelly hits you. The acid corrodes you!
You are splashed with acid!
You hit the jelly.
The jelly is poisoned.
The acid corrodes you!
Your hands burn!
The jelly is heavily wounded.
The jelly hits you. The acid corrodes you!
You are splashed with acid!
* * * LOW HITPOINT WARNING * * *
You hit the jelly.
The jelly looks as sick as possible!
The acid corrodes you!
Your hands burn!
* * * LOW HITPOINT WARNING * * *
The jelly is severely wounded.
The jelly misses you.
You barely miss the jelly.
The jelly is severely wounded.
You hit the jelly but do no damage.
Your hands burn!
* * * LOW HITPOINT WARNING * * *
The jelly is severely wounded.
You kill the jelly!
You miss something. Something hits you.
* * * LOW HITPOINT WARNING * * *
You feel drained.
You die...

#......##.# #.#
#..#.#.##.# .# #.#
#)........# .# #..
#....#.#### .##
### ######.# ..##
#.##### .o.#
#.....# ..#
###...#####.#####.
#......@))......
################


There were no monsters in sight!

Vanquished Creatures
  Edmund (D:4)
  A water moccasin (D:4)
  A hound (D:4)
  A jelly (D:5)
  An orc priest (D:5)
  Terence (D:2)
  Jessica (D:2)
  2 orc wizards
  4 adders
  3 gnolls (D:3)
  A dart slug (D:2)
  A ribbon worm (D:2)
  5 orcs
  7 ball pythons
  7 endoplasms
  3 giant cockroaches
  7 hobgoblins
  12 jackals
  6 quokkas
  3 bats
  5 frilled lizards
  9 goblins
  4 kobolds
  5 rats
91 creatures vanquished.

Notes
Turn   | Place    | Note
-------+----------+-------------------------------------------
     0 | D:1      | wildpjah the Merfolk Gladiator began the quest for the Orb.
     0 | D:1      | Reached XP level 1. HP: 16/16 MP: 1/1
   185 | D:1      | Reached XP level 2. HP: 16/22 MP: 2/2
   833 | D:2      | Reached XP level 3. HP: 27/27 MP: 3/3
  1037 | D:2      | Reached skill level 1 in Short Blades
  1251 | D:2      | Reached skill level 1 in Armour
  1251 | D:2      | Reached XP level 4. HP: 21/34 MP: 4/4
  1373 | D:2      | Noticed Terence
  1374 | D:2      | Noticed Jessica
  1386 | D:2      | Killed Jessica
  1393 | D:2      | Killed Terence
  1791 | D:3      | Reached XP level 5. HP: 39/39 MP: 5/5
  2053 | D:3      | Reached skill level 1 in Stealth
  2809 | D:4      | Reached skill level 5 in Dodging
  2842 | D:4      | Reached XP level 6. HP: 43/46 MP: 6/6
  3010 | D:4      | Found Akhlur's Weapon Emporium.
  3129 | D:4      | Noticed a water moccasin
  3138 | D:4      | Killed a water moccasin
  3259 | D:4      | Noticed Edmund
  3270 | D:4      | Killed Edmund
  3271 | D:4      | Reached XP level 7. HP: 39/52 MP: 7/7
  3412 | D:5      | Entered Level 5 of the Dungeon
  3519 | D:5      | Reached skill level 5 in Short Blades
  3534 | D:5      | HP: 2/52 [something (6)]
  3534 | D:5      | Slain by an orc wizard

Illustrated notes

Levels and vault maps discovered:
D:1:      erik_arrival_triangle_medium, layout_basic, hangedman_decor_growths
D:2:      layout_basic, hangedman_decor_lopped, uniq_crazy_yiuf_cottage,
          uniq_terence, uniq_jessica
D:3:      layout_loops_corners, dreamdust_mushroom_princess,
          chequers_serial_rivers_room_a
D:4:      layout_basic, serial_shops, nicolae_shop_peninsula, uniq_edmund
D:5:      layout_loops_corners

Skill      XL: |  1  2  3  4  5  6  7 |
---------------+----------------------+-----
Long Blades    | 4 |  4.1
Short Blades   | 1 3 4 5 |  5.0
Armour         | 1 2 |  2.2
Stealth        | 2 3 |  3.6
Dodging        | 5 |  5.6
Fighting       | 3 |  3.2
Throwing       | |  2.1

Action                     |  1- 3 |  4- 6 |  7- 9 || total
---------------------------+-------+-------+-------++-------
  Melee: Dagger            |    87 |   165 |    32 ||   284
         Long sword        |     7 |       |       ||     7
         Punch             |     2 |       |       ||     2
  Throw: Throwing net      |       |     2 |       ||     2
   Stab: Sleeping          |     2 |     4 |       ||     6
         Held in net/web   |       |     2 |       ||     2
         Distracted        |       |     1 |       ||     1
 Armour: Leather armour    |    38 |    67 |     9 ||   114
  Dodge: Dodged            |    52 |    89 |     8 ||   149

Table legend: (Time is in decaauts)
 A = Elapsed time spent in this place.
 B = Non-inter-level travel time spent in this place.
 C = Inter-level travel time spent in this place.
 D = Time resting spent in this place.
 E = Time spent auto-exploring this place.
 F = Levels seen in this place.
 G = Mean time per level.
                   A        B        C        D        E       F      G
               +--------+--------+--------+--------+--------+-----+--------+
         Total |   3478 |   3390 |     88 |      0 |   2844 |   5 |  695.6 |
       Dungeon |   3478 |   3390 |     88 |      0 |   2844 |   5 |  695.6 |
               +--------+--------+--------+--------+--------+-----+--------+

Top non-repeatable levels by time:
     D:3: 1028 daAuts
     D:2: 969 daAuts
     D:1: 738 daAuts
     D:4: 627 daAuts
     D:5: 115 daAuts
